 Dungeon Crawl Stone Soup version 0.20.0-14-g326068f (webtiles) character file.

12637 Oleandros the Unseen (level 11, -5/56 HPs)
             Began as a Spriggan Enchanter on June 9, 2017.
             Was an Elder of Dithmenos.
             Slain by an eight-headed hydra (15 damage)
             ... on level 11 of the Dungeon.
             The game lasted 00:35:43 (15611 turns).

Oleandros the Unseen (Spriggan Enchanter)          Turns: 15611, Time: 00:35:45

Health: -5/56      AC:  6    Str:  6    XL:     11   Next: 65%
Magic:  29/34      EV: 24    Int: 17    God:    Dithmenos [****..]
Gold:   615        SH:  0    Dex: 14    Spells: 17/29 levels left

rFire    . . .     SeeInvis +   y - +3 dagger (venom)
rCold    . . .     Gourm    .   (shield restricted)
rNeg     . . .     Faith    .   b - +2 robe
rPois    +         Spirit   .   (helmet restricted)
rElec    .         Reflect  .   E - +1 cloak {rPois}
rCorr    .         Harm     .   (gloves unavailable)
MR       +....     Rnd*Tele +   (boots unavailable)
Stlth    +++++++++.             x - amulet of inaccuracy (curse)
Regen    0.2/turn               C - -2 ring of intelligence (curse)
MPRegen  0.3/turn               l - ring of magical power

@: wreathed by umbra, very quick
A: unfitting armour, see invisible, clumsy 1, herbivore 3, speed 3, poison
resistance, slow metabolism 2, teleportitis 1, MP-powered wands
a: Shadow Step, Renounce Religion


You were on level 11 of the Dungeon.
You worshipped Dithmenos.
Dithmenos was greatly pleased with you.
You were not hungry.

You visited 2 branches of the dungeon, and saw 12 of its levels.

You collected 615 gold pieces.

Inventory:

Hand Weapons
 a - a cursed -1 short sword
 j - a +1 dagger of holy wrath
 o - a +2 short sword of draining
 p - a cursed -2 dagger
 y - a +3 dagger of venom (weapon)
 z - a +1 dagger of venom
Armour
 b - a +2 robe (worn)
 i - a +2 cloak
 E - a +1 cloak of poison resistance (worn)
Jewellery
 l - a ring of magical power (right hand)
 n - an uncursed ring of resist corrosion
 x - a cursed amulet of inaccuracy (around neck)
 C - a cursed -2 ring of intelligence (left hand)
Wands
 k - a wand of polymorph (10/24)
 q - a wand of lightning (7/15)
 A - a wand of iceblast (2/15)
Scrolls
 g - 4 scrolls of magic mapping
 r - a scroll of amnesia
 u - a scroll of blinking
 B - a scroll of fog
 D - 3 scrolls of identify
Potions
 e - a potion of brilliance
 h - a potion of curing
 w - a potion of haste
 F - a potion of lignification
Books
 c - a book of Maledictions

   Spells                             Type                      Level
   a - Corona                         Hexes                        1
   b - Ensorcelled Hibernation        Hexes/Ice                    2
   c - Confuse                        Hexes                        3
   d - Tukima's Dance                 Hexes                        3
   e - Dazzling Spray                 Conjuration/Hexes            3
 m - a book of Cantrips

   Spells                             Type                      Level
   a - Confusing Touch                Hexes                        1
   b - Animate Skeleton               Necromancy                   1
   c - Summon Small Mammal            Summoning                    1
   d - Apportation                    Translocation                1
 s - a book of Misfortune

   Spells                             Type                      Level
   a - Confusing Touch                Hexes                        1
   b - Confuse                        Hexes                        3
   c - Gell's Gravitas                Translocation                3
   d - Petrify                        Transmutation/Earth          4
   e - Metabolic Englaciation         Hexes/Ice                    5
   f - Yara's Violent Unravelling     Hexes/Transmutation          5
 t - a book of Conjurations

   Spells                             Type                      Level
   a - Magic Dart                     Conjuration                  1
   b - Searing Ray                    Conjuration                  2
   c - Dazzling Spray                 Conjuration/Hexes            3
   d - Fulminant Prism                Conjuration/Hexes            4
   e - Force Lance                    Conjuration/Translocation    4
   f - Iskenderun's Mystic Blast      Conjuration                  4
Comestibles
 d - a bread ration
 f - 7 royal jellies
 v - 4 fruits


   Skills:
 + Level 5.3 Fighting
 + Level 6.9 Short Blades
 + Level 9.2 Dodging
 + Level 16.3 Stealth
 + Level 9.7 Spellcasting
 + Level 9.6 Hexes


You had 17 spell levels left.
You knew the following spells:

 Your Spells              Type           Power        Failure   Level  Hunger
a - Ensorcelled Hibernat  Hex/Ice        ###...       1%          2    None
b - Corona                Hex            #####..      1%          1    None
c - Confuse               Hex            #####...     1%          3    None
d - Tukima's Dance        Hex            #####...     1%          3    None
e - Dazzling Spray        Conj/Hex       ###...       3%          3    None


Dungeon Overview and Level Annotations

Branches:
Dungeon (11/15)            Temple (1/1) D:7
   Lair: D:8-11         Orc: D:9-12

Altars:
Ashenzari
Cheibriados
Dithmenos
Elyvilon
Fedhas
Gozag
Hepliaklqana
Kikubaaqudgha
Makhleb
Nemelex Xobeh
Okawaru
Qazlal
Ru
Sif Muna
Trog
Uskayaw
Vehumet
Xom
Yredelemnul
Zin
The Shining One
Beogh

Shops:
D:6 }

Annotations:
D:8 Gastronok


Innate Abilities, Weirdness & Mutations

You are very small and have problems with some larger weapons.
You are too small for most types of armour.
You have supernaturally acute eyesight. (SInv)
You are a herbivore.
You cover ground extremely quickly.
You need consume almost no food.
You are clumsy. (Dex -2)
Your system is resistant to poisons. (rPois)
You are occasionally teleported next to monsters.
You expend magic power (3 MP) to strengthen your wands.


Message History

The eight-headed hydra barely misses you.
The eight-headed hydra bites you.
The eight-headed hydra barely misses you.
The eight-headed hydra bites you! x3; The eight-headed hydra bites you. x2
* * * LOW HITPOINT WARNING * * *
You hit the eight-headed hydra.
The eight-headed hydra is poisoned.
The eight-headed hydra is heavily wounded.
Your shadow hits the eight-headed hydra with a dagger.
Okay, then.
Unknown command.
You hit the eight-headed hydra but do no damage.
The eight-headed hydra is severely wounded.
You barely miss the eight-headed hydra.
The eight-headed hydra is severely wounded.
The eight-headed hydra closely misses you.
The eight-headed hydra misses you. The eight-headed hydra bites you.
* * * LOW HITPOINT WARNING * * *
The eight-headed hydra completely misses you.
The eight-headed hydra bites you!
You die...

#####... ..##...### ..#
##...)... ..#......###.#
#........ #..).....##.##
#....)... #.........#..#
#........
##.........#..###....))..
#..............##..<..)..
#.......................
#......@................
##......D†....###.......
#.........#..# ##......
##.......##..# ##)....
#...)).###..# ######
##....## #..# #....##
#..# .....## #..# .....#


You could see an eight-headed hydra (confused).

Vanquished Creatures
  3 two-headed ogres
  A centaur zombie (D:10)
  Maurice (D:10)
  A komodo dragon (D:11)
  A queen bee (D:9)
  2 trolls
  2 hippogriffs
  Sigmund (D:2)
  A vampire (D:10)
  5 yaks (D:9)
  A wyvern (D:11)
  A hungry ghost (D:10)
  2 wargs
  A water moccasin (D:8)
  6 orc warriors
  Duvessa (D:5)
  3 ice beasts
  A hornet zombie (D:8)
  2 sky beasts
  A black bear (D:7)
  3 phantoms
  4 necrophages
  4 centaurs
  3 ogres
  5 bullfrogs
  Blork the orc (D:5)
  A wyvern zombie (D:9)
  3 scorpions
  Dowan (D:5)
  32 killer bees
  11 wights
  4 howler monkeys
  2 bullfrog zombies (D:5)
  The ghost of gorpus the Magician, a weakling DEWz (D:3)
  A quasit (D:8)
  3 bullfrog skeletons
  2 hounds
  9 orc priests
  6 jellies
  2 centaur skeletons
  4 iguanas
  18 orc wizards
  7 worker ants
  A hound zombie (D:6)
  A mummy (D:10)
  A howler monkey zombie (D:10)
  A worker ant zombie (D:10)
  12 adders
  2 shadow imps
  An adder skeleton (D:5)
  2 dart slugs (D:1)
  6 leopard geckos
  54 orcs
  5 bats
  6 giant cockroaches
  4 goblins
  5 hobgoblins
  5 jackals
  5 quokkas
  2 ball pythons
  8 frilled lizards
  8 kobolds
  A leopard gecko zombie (D:6)
  8 rats
302 creatures vanquished.

Vanquished Creatures (others)
  2 orcs (D:9)
2 creatures vanquished.

Grand Total: 304 creatures vanquished

Notes
Turn   | Place    | Note
-------+----------+-------------------------------------------
     0 | D:1      | Oleandros the Spriggan Enchanter began the quest for the Orb.
     0 | D:1      | Reached XP level 1. HP: 9/9 MP: 5/5
   315 | D:1      | Reached XP level 2. HP: 9/13 MP: 7/7
   319 | D:1      | Learned a level 2 spell: Ensorcelled Hibernation
  1351 | D:2      | Noticed Sigmund
  1367 | D:2      | Reached XP level 3. HP: 14/16 MP: 1/9
  1372 | D:2      | Learned a level 3 spell: Confuse
  1376 | D:2      | Learned a level 3 spell: Tukima's Dance
  1570 | D:2      | Killed Sigmund
  1570 | D:2      | Reached skill level 5 in Spellcasting
  1570 | D:2      | Reached skill level 5 in Hexes
  1570 | D:2      | Reached XP level 4. HP: 13/21 MP: 1/12
  1570 | D:2      | Reached XP level 5. HP: 16/24 MP: 1/13
  1973 | D:2      | Learned a level 3 spell: Dazzling Spray
  2545 | D:3      | Found a faded altar of an unknown god.
  2697 | D:3      | Found a glowing silver altar of Zin.
  2697 | D:3      | Found an ancient bone altar of Kikubaaqudgha.
  2698 | D:3      | Found a stormy altar of Qazlal.
  2712 | D:3      | Noticed gorpus's ghost (weakling DEWz)
  2742 | D:3      | Killed gorpus's ghost
  2742 | D:3      | Reached skill level 5 in Stealth
  2950 | D:3      | Found a glowing golden altar of the Shining One.
  3286 | D:3      | Found a transporter.
  3445 | D:3      | Found a transporter.
  3744 | D:4      | Reached skill level 6 in Stealth
  3744 | D:4      | Reached XP level 6. HP: 19/28 MP: 10/15
  4440 | D:4      | Reached skill level 7 in Stealth
  4736 | D:5      | Entered Level 5 of the Dungeon
  4913 | D:5      | Reached skill level 8 in Stealth
  5002 | D:5      | Found a sacrificial altar of Ru.
  5252 | D:5      | Noticed Duvessa
  5255 | D:5      | Noticed Dowan
  5266 | D:5      | Reached skill level 9 in Stealth
  5266 | D:5      | Reached XP level 7. HP: 27/32 MP: 13/16
  5316 | D:5      | Gained mutation: You expend magic power (3 MP) to strengthen your wands. [potion of mutation]
  5316 | D:5      | Gained mutation: You have sharp toenails. [potion of mutation]
  5317 | D:5      | Lost mutation: You expend magic power (3 MP) to strengthen your wands. [potion of mutation]
  5317 | D:5      | Lost mutation: You have sharp toenails. [potion of mutation]
  5317 | D:5      | Gained mutation: You tend to lose your temper in combat. [potion of mutation]
  5317 | D:5      | Gained mutation: Your muscles are strong. (Str +2) [potion of mutation]
  5317 | D:5      | Gained mutation: You are partially covered in molten scales. (AC +2) [potion of mutation]
  5318 | D:5      | Lost mutation: You are partially covered in molten scales. (AC +2) [potion of mutation]
  5318 | D:5      | Lost mutation: You tend to lose your temper in combat. [potion of mutation]
  5318 | D:5      | Lost mutation: Your muscles are strong. (Str +2) [potion of mutation]
  5318 | D:5      | Gained mutation: You expend magic power (3 MP) to strengthen your wands. [potion of mutation]
  5318 | D:5      | Gained mutation: You are clumsy. (Dex -2) [potion of mutation]
  5318 | D:5      | Gained mutation: You are occasionally teleported next to monsters. [potion of mutation]
  5318 | D:5      | Gained mutation: Your system is resistant to poisons. (rPois) [potion of mutation]
  5457 | D:5      | Killed Dowan
  5457 | D:5      | Reached skill level 10 in Stealth
  5511 | D:5      | Killed Duvessa
  5729 | D:5      | Reached skill level 11 in Stealth
  5875 | D:5      | Noticed Blork the orc
  5901 | D:5      | Killed Blork the orc
  6273 | D:5      | Reached skill level 12 in Stealth
  6273 | D:5      | Reached XP level 8. HP: 36/36 MP: 10/17
  6503 | D:6      | Found Deit's Gadget Emporium.
  6520 | D:6      | Found a shadowy altar of Dithmenos.
  7084 | D:6      | Reached skill level 13 in Stealth
  7580 | D:6      | Found a sparkling altar of Nemelex Xobeh.
  7706 | D:6      | You fall through a shaft for 3 floors!
  7761 | D:8      | Reached skill level 14 in Stealth
  7863 | D:7      | Reached skill level 1 in Fighting
  7969 | D:6      | Became a worshipper of Dithmenos the Shadowed
  8057 | D:7      | Noticed a hippogriff
  8058 | D:7      | Killed a hippogriff
  8111 | D:7      | Reached XP level 9. HP: 41/41 MP: 17/19
  8924 | D:7      | Reached skill level 5 in Dodging
  9018 | D:7      | Found a staircase to the Ecumenical Temple.
  9038 | Temple   | Entered the Ecumenical Temple
  9392 | D:8      | Noticed Gastronok
  9632 | D:8      | Reached * piety under Dithmenos
  9653 | D:8      | Noticed a troll
  9672 | D:8      | Killed a troll
 10880 | D:9      | Found a roughly hewn altar of Beogh.
 10910 | D:9      | Reached skill level 15 in Stealth
 10910 | D:9      | Reached XP level 10. HP: 24/49 MP: 22/22
 11351 | D:9      | Found a hide-covered altar of Uskayaw.
 11660 | D:9      | Found a burning altar of Makhleb.
 11660 | D:9      | Noticed a blizzard demon
 11908 | D:9      | Reached ** piety under Dithmenos
 11912 | D:9      | Reached skill level 5 in Short Blades
 12205 | D:9      | Noticed a two-headed ogre
 12233 | D:9      | Killed a two-headed ogre
 12915 | D:9      | Noticed a two-headed ogre
 12951 | D:9      | Killed a two-headed ogre
 12951 | D:9      | Reached XP level 11. HP: 51/54 MP: 24/24
 13297 | D:10     | Entered Level 10 of the Dungeon
 13681 | D:10     | Noticed a two-headed ogre
 13692 | D:10     | Killed a two-headed ogre
 13692 | D:10     | Reached skill level 16 in Stealth
 13763 | D:10     | Reached *** piety under Dithmenos
 13828 | D:10     | Reached skill level 5 in Fighting
 13915 | D:10     | Noticed Maurice
 13919 | D:10     | Killed Maurice
 15245 | D:10     | Reached **** piety under Dithmenos
 15587 | D:11     | Noticed an eight-headed hydra
 15611 | D:11     | Slain by an eight-headed hydra

Skill      XL: |  1  2  3  4  5  6  7  8  9 10 11 |
---------------+----------------------------------+-----
Spellcasting   | 3 4 5 6 7 8 9 |  9.7
Hexes          | 4 5 6 7 9 |  9.6
Stealth        | 6 9 12 14 15 16 | 16.3
Fighting       | 1 3 4 5 |  5.3
Short Blades   | 2 4 5 6 |  6.9
Dodging        | 6 7 9 |  9.2

Action                   |  1- 3 |  4- 6 |  7- 9 | 10-12 || total
-------------------------+-------+-------+-------+-------++-------
Melee: Dagger            |    72 |   213 |   350 |   513 ||  1148
 Cast: Corona            |     2 |       |       |       ||     2
       Ensorcelled Hiber |    16 |    25 |    44 |    76 ||   161
       Confuse           |     1 |     7 |    33 |    38 ||    79
       Dazzling Spray    |       |     2 |     4 |     4 ||    10
  Use: Scroll            |     2 |     5 |     9 |     1 ||    17
       Potion            |     3 |       |     5 |     8 ||    16
 Stab: Sleeping          |    10 |    20 |    35 |    61 ||   126
       Confused          |       |     5 |    18 |    25 ||    48
       Invisible         |       |       |     3 |    10 ||    13
       Distracted        |       |       |     1 |       ||     1
  Eat: Royal jelly       |       |     1 |     1 |       ||     2
       Bread ration      |       |     1 |       |     1 ||     2
       Fruit             |       |       |     2 |       ||     2
Armor: Robe              |     4 |    31 |    37 |    30 ||   102
       Skin              |       |       |       |     3 ||     3
Dodge: Dodged            |    51 |   174 |   229 |   417 ||   871
